 Dungeon Crawl Stone Soup version 0.31.0-9-g3a7656b989 (webtiles) character file.

Game seed: 15039514787527862734

805 Marvel the Cleaver (level 7, 0/64 HPs)
             Began as a Hill Orc Berserker on Feb 5, 2024.
             Was a Priest of Trog.
             Incinerated by a bombardier beetle (3 damage)
             ... with a burning spray
             ... on level 5 of the Dungeon.
             The game lasted 00:07:11 (4453 turns).

Marvel the Cleaver (Hill Orc Berserker)             Turns: 4453, Time: 00:07:11

Health: 0/64       AC:  2    Str: 24    XL:     7   Next: 91%
Magic:  6/6        EV: 11    Int: 17    God:    Trog [***...]
Gold:   74         SH:  0    Dex:  9    Spells: 6/6 levels left

rFire   . . .        a - +0 hand axe
rCold   . . .        (no shield)
rNeg    . . .        b - +0 animal skin
rPois   .            (no helmet)
rElec   .            (no cloak)
rCorr   .            (no gloves)
SInv    .            (no boots)
Will    .....        (no amulet)
Stlth   +            l - ring "Afastral" {Wiz Str+3}
HPRegen 0.30/turn    u - +6 ring of intelligence
MPRegen 0.10/turn

%: random rage (3%), wizardry (x1)
@: on fire, glowing
A: berserk 1, clever 1, low MP 1
a: Renounce Religion, Berserk, Trog's Hand


You were on level 5 of the Dungeon.
You worshipped Trog.
Trog was most pleased with you.
You visited 1 branch of the dungeon, and saw 5 of its levels.

You collected 266 gold pieces.
You spent 192 gold pieces at shops.

Inventory:

Hand Weapons
 a - a +0 hand axe (weapon)
Missiles
 d - 3 poisoned darts (quivered)
 r - 4 atropa-tipped darts
Armour
 b - a +0 animal skin (worn)
Jewellery
 l - the ring "Afastral" (left hand) {Wiz Str+3}
   (You found it on level 2 of the Dungeon)

   [ring of wizardry]

   Wiz:       It improves your spell success rate.
   Str+3:     It affects your strength (+3).
 u - a +6 ring of intelligence (right hand)
Wands
 n - a wand of mindburst (33)
Scrolls
 e - a scroll of enchant armour {unknown}
 f - a scroll of torment {unknown}
 h - 4 scrolls of identify {unknown}
 i - 2 scrolls of teleportation {unknown}
 o - a scroll of blinking
 p - a scroll of enchant weapon
 q - a scroll of noise
 v - a scroll of silence {unknown}
Potions
 g - a potion of invisibility {unknown}
 j - a potion of attraction {unknown}
 k - a potion of might {unknown}
 m - a potion of enlightenment {unknown}
 s - a potion of brilliance {unknown}
 t - a potion of cancellation {unknown}
 w - a potion of heal wounds {unknown}
 x - a potion of haste {unknown}


   Skills:
 + Level 6.5 Fighting
 + Level 10.1 Axes
 + Level 0.1 Throwing
 + Level 2.3 Armour
 - Level 1.5 Dodging
 + Level 0.8 Evocations


You had 6 spell levels left.
You didn't know any spells.
Your spell library was empty.

Dungeon Overview and Level Annotations

Branches:
Dungeon (5/15)
 Temple: D:4-7

Altars:
Ashenzari
Okawaru
Qazlal
Ru
Uskayaw
Wu Jian

Shops:
D:2 :   D:3 ?


Innate Abilities, Weirdness & Mutations

You sometimes lose your temper in combat.
Your mind is acute. (Int +4, Str/Dex -1)
Your magical capacity is low. (-10% MP)


Message History

You closely miss the bombardier beetle.
The bombardier beetle is almost dead.
The liquid fire burns you!
The bombardier beetle sprays incendiary fluid at you.
The burning spray hits you.
You are even more covered in liquid fire!
You barely miss the bombardier beetle.
The bombardier beetle is almost dead.
The liquid fire burns you!
You hit the bombardier beetle but do no damage.
The bombardier beetle is almost dead.
The liquid fire burns you!
You slash the bombardier beetle!
You kill the bombardier beetle!
Trog accepts your kill. The liquid fire burns you!
You feel your dexterity returning.
Your Axes skill increases to level 10!
You shake off some of the fire as you move.
The liquid fire burns you!
* * * LOW HITPOINT WARNING * * *
You shake off some of the fire as you move.
The liquid fire burns you!
* * * LOW HITPOINT WARNING * * *
You shake off some of the fire as you move.
The liquid fire burns you!
* * * LOW HITPOINT WARNING * * *
You are on fire!
You are on fire!
You are on fire!
The liquid fire burns you!
* * * LOW HITPOINT WARNING * * *
Okay, then.
You shake off some of the fire as you move.
The liquid fire burns you!
* * * LOW HITPOINT WARNING * * *
It was a potion of mutation.
You feel extremely strange.
You feel less energetic.
You feel a little pissed off.
You feel clever. The liquid fire burns you!
You die...

### ## #.. .# #.#
#####.### #.# #..
.... #.# #.##..#
#######.###.#...#.#.
#...................
#.#####..@......#
##.## ########.##
#...# # #.#.#
#.#.#### ..#....#
#######.# ..#....#
#.#....####


There were no monsters in sight!

Vanquished Creatures
  Eustachio (D:4)
  Duvessa (D:4)
  A black bear (D:4)
  Dowan (D:4)
  A bombardier beetle (D:5)
  2 hounds
  An orc priest (D:4)
  A sleepcap (D:4)
  3 orc wizards
  Ijyb (D:4)
  Robin (D:2)
  5 adders
  A shadow imp (D:5)
  A dart slug (D:2)
  4 ribbon worms
  10 orcs
  9 bats
  5 endoplasms
  2 giant cockroaches (D:4)
  14 goblins
  16 hobgoblins
  A quokka (D:1)
  6 ball pythons
  4 frilled lizards
  5 kobolds
  5 rats
102 creatures vanquished.

Notes
Turn   | Place    | Note
-------+----------+-------------------------------------------
     0 | D:1      | Marvel the Hill Orc Berserker began the quest for the Orb.
     0 | D:1      | Reached XP level 1. HP: 19/19 MP: 1/1
   366 | D:1      | Reached XP level 2. HP: 21/27 MP: 2/2
   936 | D:2      | Reached XP level 3. HP: 25/33 MP: 3/3
  1098 | D:2      | Reached ** piety under Trog
  1099 | D:2      | Reached skill level 5 in Axes
  1481 | D:2      | Noticed Robin
  1483 | D:2      | Reached XP level 4. HP: 38/41 MP: 4/4
  1487 | D:2      | Killed Robin
  1512 | D:2      | Found Acopauc's Book Emporium.
  1593 | D:2      | Reached skill level 6 in Axes
  1623 | D:2      | Identified the ring "Afastral" {Wiz Str+3}
  1879 | D:3      | Found an iron altar of Okawaru.
  2197 | D:3      | Found a sacrificial altar of Ru.
  2350 | D:3      | Reached XP level 5. HP: 43/47 MP: 5/5
  2355 | D:3      | Reached skill level 5 in Fighting
  2500 | D:3      | Found Jocogugi's Magic Scroll Shoppe.
  2506 | D:3      | Bought a scroll of blinking for 90 gold pieces
  2506 | D:3      | Bought a scroll of enchant weapon for 90 gold pieces
  2506 | D:3      | Bought a scroll of noise for 12 gold pieces
  2520 | D:3      | Found a broken altar of Ashenzari.
  2816 | D:4      | Noticed Ijyb
  2824 | D:4      | Killed Ijyb
  2825 | D:4      | Reached skill level 7 in Axes
  2920 | D:4      | Found an ornate altar of the Wu Jian Council.
  2947 | D:4      | Reached XP level 6. HP: 29/56 MP: 6/6
  3084 | D:4      | Noticed Eustachio
  3127 | D:4      | Killed Eustachio
  3128 | D:4      | Reached skill level 8 in Axes
  3302 | D:4      | Noticed Duvessa
  3302 | D:4      | Noticed Dowan
  3314 | D:4      | Killed Duvessa
  3315 | D:4      | Reached XP level 7. HP: 63/63 MP: 7/7
  3323 | D:4      | Killed Dowan
  3380 | D:4      | Found a hide-covered altar of Uskayaw.
  3417 | D:4      | Reached skill level 9 in Axes
  3502 | D:4      | Found a stormy altar of Qazlal.
  4148 | D:5      | Entered Level 5 of the Dungeon
  4317 | D:5      | Reached *** piety under Trog
  4448 | D:5      | Reached skill level 10 in Axes
  4452 | D:5      | HP: 2/64 [burnt (3)]
  4453 | D:5      | Gained mutation: Your magical capacity is low. (-10% MP)
                  | [potion of mutation]
  4453 | D:5      | Gained mutation: You sometimes lose your temper in combat.
                  | [potion of mutation]
  4453 | D:5      | Gained mutation: Your mind is acute. (Int +4, Str/Dex -1)
                  | [potion of mutation]
  4453 | D:5      | Incinerated by a bombardier beetle

Illustrated notes

Levels and vault maps discovered:
D:1:      nzn_arrival_water_spiral, layout_basic, minmay_vboxes
D:2:      layout_basic, serial_shops, shop, grunt_decor_mini_mirrors, uniq_robin
D:3:      layout_loops_cross, mainiacjoe_overflow_alcove_1, okawaru_gym_becter,
          nicolae_ru_awakened_eye, serial_shops, nicolae_shop_stone,
          amcnicky_mini_corridor_feature
D:4:      layout_basic, nicolae_qazlal_eye_of_the_storm,
          mainiacjoe_overflow_tiny_flanked, kennysheep_little_box,
          kennysheep_crisscross, uniq_eustachio, uniq_ijyb, uniq_duvessa
D:5:      layout_loops_corners, mainiacjoe_overflow_24_doors

Skill      XL: |  1  2  3  4  5  6  7 |
---------------+----------------------+-----
Fighting       | 4 5 6 |  6.5
Axes           | 5 6 7 8 10 | 10.1
Throwing       | |  0.1
Armour         | |  2.3
Dodging        | |  1.5
Evocations     | |  0.8

Action                     |  1- 3 |  4- 6 |  7- 9 || total
---------------------------+-------+-------+-------++-------
  Melee: Hand axe          |   119 |   116 |   127 ||   362
         Punch             |     2 |     2 |     1 ||     5
  Throw: Dart              |     1 |     1 |       ||     2
 Invoke: Berserk           |       |     6 |     2 ||     8
  Evoke: Wand              |       |       |     1 ||     1
    Use: Potion            |       |       |     1 ||     1
   Stab: Sleeping          |     1 |       |       ||     1
 Armour: Animal skin       |    87 |    79 |    57 ||   223
  Dodge: Dodged            |    78 |    93 |    46 ||   217
